 Dungeon Crawl Stone Soup version 0.30.0-18-gc0e69614cb (webtiles) character file.

Game seed: 13665348531215122010

51 LynnLen the Covered (level 3, -1/33 HPs)
             Began as an Armataur Fighter on May 25, 2023.
             Slain by a cerulean imp
             ... wielding a +2 spear
             ... summoned by Natasha
              (3 damage)
             ... on level 2 of the Dungeon.
             The game lasted 00:01:51 (684 turns).

LynnLen the Covered (Armataur Fighter)               Turns: 684, Time: 00:01:52

Health: -1/33      AC:  8    Str: 23    XL:     3   Next: 58%
Magic:  3/3        EV:  7    Int:  8    God:
Gold:   79         SH:  4    Dex:  9    Spells: 2/2 levels left

rFire   . . .        a - +0 long sword
rCold   . . .        c - +0 buckler
rNeg    . . .        b - +0 scale mail
rPois   .            (no helmet)
rElec   .            (no cloak)
rCorr   .            h - +0 pair of gloves
SInv    .            (no barding)
Will    .....        (no amulet) Stlth
                     (no ring)
HPRegen 0.25/turn    (no ring)
MPRegen 0.08/turn

%: roll
@: slowed, very slow
A: large, rugged brown scales 3, deformed body, armoured tail, roll, long
tongue, awkward tongue
a: no special abilities


You were on level 2 of the Dungeon.
You visited 1 branch of the dungeon, and saw 2 of its levels.

You collected 79 gold pieces.

Inventory:

Hand Weapons
 a - a +0 long sword (weapon)
Armour
 b - a +0 scale mail (worn)
 c - a +0 buckler (worn)
 h - a +0 pair of gloves (worn)
Scrolls
 f - a scroll of enchant weapon {unknown}
 i - a scroll of teleportation {unknown}
Potions
 d - a potion of might
 e - 2 potions of invisibility {unknown}
 g - a potion of berserk rage {unknown}
 j - a potion of curing


   Skills:
 + Level 3.0 Fighting
 + Level 2.6 Long Blades
 + Level 4.0 Armour
 + Level 0.1 Dodging
 + Level 3.7 Shields


You had 2 spell levels left.
You didn't know any spells.
Your spell library was empty.

Dungeon Overview and Level Annotations

Branches:
Dungeon (2/15)

Altars:

Annotations:
D:2 Natasha


Innate Abilities, Weirdness & Mutations

You are completely covered in rugged brown scales. (AC +3, +7% HP)
Armour fits poorly on your strangely shaped body.
You have a long armoured tail.
You roll when moving toward enemies. (Rampage)
Your long tongue fully drains potion bottles. (2x potion effects)
Your tongue gives you trouble enunciating. (1.5x scroll delay)


Message History

Natasha stares at you and mumbles some strange words.
The magic dart hits you!
A worm comes into view.
You roll towards Natasha!
Found a scroll labelled BUOKES HUYF.
You barely miss Natasha. Natasha claws you but does no damage.
Natasha zaps a wand.
The bolt of light hits you!
You closely miss Natasha. Natasha barely misses you.
You closely miss Natasha. Natasha closely misses you.
You slash Natasha!
Your tail-slap misses Natasha.
Natasha is heavily wounded.
Natasha claws you but does no damage.
You hit Natasha but do no damage.
Your tail-slap misses Natasha.
Natasha is heavily wounded.
Natasha zaps a wand.
The bolt of light hits you!
* * * LOW HITPOINT WARNING * * *
Natasha stares at you and mumbles some strange words.
You feel yourself slow down.
You barely miss Natasha.
Natasha is heavily wounded.
Natasha barely misses you. The worm bites you but does no damage.
Natasha casts a spell at you.
You feel as though you will be slow longer.
You barely miss Natasha.
Natasha is heavily wounded.
Natasha claws you but does no damage. The worm bites you but does no damage.
Natasha closely misses you. The worm misses you.
You closely miss Natasha.
Natasha is heavily wounded.
Natasha zaps a wand.
The bolt of light hits you.
* * * LOW HITPOINT WARNING * * *
The worm bites you but does no damage. Natasha claws you but does no damage.
You closely miss Natasha.
Natasha is heavily wounded.
Natasha casts a spell.
The worm completely misses you.
You hit Natasha.
Natasha is heavily wounded.
Natasha drinks a potion.
Natasha is healed!
The cerulean imp hits you with a +2 spear.
You die...

#. #. ## #..#.
##..#.#### ........#
# ?.....# ####.#..#
#.##w#..#####<.......
#...h@........####.##
#.....#5.#######
#.#####..# #..# ....
##..## ...# ...#


You could see a worm, Natasha and a cerulean imp (summoned).

Vanquished Creatures
  An adder (D:2)
  A gnoll (D:1)
  A bat (D:1)
  5 endoplasms (D:1)
  2 giant cockroaches (D:1)
  A goblin (D:1)
  A hobgoblin (D:1)
  7 jackals (D:1)
  2 quokkas (D:1)
  3 ball pythons (D:1)
  2 kobolds (D:1)
  4 rats (D:1)
30 creatures vanquished.

Notes
Turn   | Place    | Note
-------+----------+-------------------------------------------
     0 | D:1      | LynnLen the Armataur Fighter began the quest for the Orb.
     0 | D:1      | Reached XP level 1. HP: 19/19 MP: 1/1
   124 | D:1      | Reached XP level 2. HP: 24/26 MP: 2/2
   312 | D:1      | Reached skill level 4 in Armour
   313 | D:1      | Reached XP level 3. HP: 28/33 MP: 3/3
   672 | D:2      | Noticed Natasha
   682 | D:2      | HP: 1/33 [Natasha/bolt of light (6)]
   684 | D:2      | Slain by a cerulean imp

Illustrated notes

Levels and vault maps discovered:
D:1:      noname_arrival_rooms_in_the_neighbourhood, layout_rooms,
          chequers_serial_rivers_micro_b
D:2:      layout_loops_ring, grunt_ministairs_4, corexii_shack, uniq_natasha

Skill      XL: |  1  2 |
---------------+-------+-----
Long Blades    | 2 |  2.6
Fighting       | 3 |  3.0
Armour         | 4 |  4.0
Dodging        | |  0.1
Shields        | |  3.7

Action                     || total
---------------------------++-------
  Melee: Long sword        ||    89
         Tailslap          ||     6
 Armour: Scale mail        ||    69
  Dodge: Dodged            ||    57
  Block: Buckler           ||    18
